 Adventure DCSS version bcrawl-1.23.1 (webtiles) character file.

Game seed: 8660857768761048088

110 funkygono the Shield-Bearer (level 4, -3/29 HPs)
             Began as a Gargoyle Fighter on May 24, 2020.
             Slain by a centaur (6 damage)
             ... on level 5 of the Dungeon on May 25, 2020.
             The game lasted 00:05:46 (2808 turns).

funkygono the Shield-Bearer (Gargoyle Fighter)      Turns: 2808, Time: 00:05:47

Health: -3/29      AC: 10    Str: 20    XL:     4   Next: 91%
Magic:  4/4        EV:  6    Int:  9    God:
Gold:   231        SH: 10    Dex:  9    Spells: 3/3 levels left
                                        Lives:  0   Deaths: 2

rFire    . . .     SeeInvis .   a - +3 flail
rCold    . . .     Gourm    .   c - +1 medium shield
rNeg     + . .     Faith    .   b - +0 scale mail
rPois    ∞         Spirit   .   (no helmet)
rElec    +         Reflect  .   (no cloak)
rCorr    .         Harm     .   (no gloves)
MR       .....                  (no boots)
Stlth    ..........             (no amulet)
HPRegen  0.09/turn              (no ring)
MPRegen  0.09/turn              (no ring)

@: no status effects
A: negative energy resistance 1, electricity resistance, unbreathing,
petrification resistance, rot immunity, AC +3
a: no special abilities


You were on level 5 of the Dungeon.
You were not hungry.

You visited 1 branch of the dungeon, and saw 5 of its levels.

You collected 231 gold pieces.

Inventory:

Hand Weapons
 a - a +3 flail (weapon)
Missiles
 g - 255 stones (quivered)
 l - 126 bolts
 n - 101 arrows
Armour
 b - a +0 scale mail (worn)
 c - a +1 medium shield (worn)
Wands
 p - a wand of flame (19)
Scrolls
 h - a scroll of teleportation {unknown}
 j - a scroll of blinking
 k - a scroll of immolation
Potions
 d - a potion of might
 f - 2 potions of curing
 i - a potion of mutation {unknown}
 m - a potion of lignification
Comestibles
 e - 6 rations {!d}


   Skills:
 + Level 3.7 Fighting
 + Level 4.3 Maces & Flails
 + Level 4.1 Armour
 + Level 1.3 Dodging
 + Level 1.2 Stealth
 + Level 4.5 Shields


You had 3 spell levels left.
You didn't know any spells.
Your spell library was empty.

Dungeon Overview and Level Annotations

Branches:
Dungeon (5/12)
 Temple: D:4-7

Altars:
Fedhas
Xom


Innate Abilities, Weirdness & Mutations

You are resistant to torment.
Your stone body is resilient. (AC +3)
You are immune to poison.
You resist negative energy. (rN+)
You are resistant to electric shocks. (rElec)
You can survive without breathing.
You are immune to petrification.
You are immune to rotting.


Message History

The crimson imp shouts, "Give up, thou pecksniffian hedge-born vassal!"
The hound bites you but does no damage. You block the orc's attack.
The adder bites you but does no damage.
You completely miss the orc. You block the hound's attack.
The centaur unwields a +0 shortbow.
The centaur hits you but does no damage.
The crimson imp blinks!
The hound bites you but does no damage. The adder barely misses you.
The orc barely misses you.
A crimson imp comes into view.
The centaur barely misses you.
An ogre comes into view. It is wielding a +0 giant club.
The hound stops to sniff the ground.
You block the hound's attack. The adder completely misses you.
The ogre shouts!
The crimson imp shouts!
You sock the orc!
You kill the orc!
You block the centaur's attack. The hound bites you.
* * * LOW HITPOINT WARNING * * *
You block the adder's attack. The centaur hits you.
You die...

##...###..<
###....#...#..
##........5.O..
#..............
##.............
##..$.........
##...W.......
##5Shc..#...
##.@.......
##$†......
#........
##.......
....... #......
...... ..#...


You could see a hungry ghost, an ogre, a centaur, a hound, 2 crimson imps and an
adder.

Vanquished Creatures
  A crimson imp (D:2)
  2 orc priests (D:3)
  A bullfrog skeleton (D:3)
  A worker ant (D:3)
  5 adders (D:3)
  2 oozes
  An adder skeleton (D:3)
  A worm (D:2)
  2 dart slugs (D:2)
  5 leopard geckos
  11 orcs
  A ball python (D:2)
  2 goblins
  5 hobgoblins
  4 kobolds
  6 quokkas
  7 bats
  6 frilled lizards
  6 rats (D:1)
69 creatures vanquished.

Notes
Turn   | Place    | Note
-------+----------+-------------------------------------------
     0 | D:1      | funkygono the Gargoyle Fighter began the quest for the Orb.
     0 | D:1      | Reached XP level 1. HP: 14/14 MP: 1/1
   520 | D:1      | Reached XP level 2. HP: 19/19 MP: 2/2
  1282 | D:2      | Reached XP level 3. HP: 23/23 MP: 3/3
  1337 | D:2      | Found a shimmering altar of Xom.
  1621 | D:2      | Found a blossoming altar of Fedhas.
  1877 | D:2      | Reached XP level 4. HP: 28/28 MP: 4/4
  2121 | D:3      | Reached XP level 5. HP: 32/32 MP: 5/5
  2140 | D:3      | Killed from afar by an orc priest
  2141 | D:3      | Reached XP level 4. HP: -2/28 MP: 4/4
  2352 | D:3      | Reached skill level 1 in Dodging
  2415 | D:3      | Reached XP level 5. HP: 30/33 MP: 5/5
  2494 | D:3      | Reached skill level 1 in Stealth
  2624 | D:3      | HP: 1/33 [orc (3)]
  2629 | D:3      | Slain by an orc
  2630 | D:3      | Reached XP level 4. HP: 0/29 MP: 4/4
  2776 | D:5      | Entered Level 5 of the Dungeon
  2782 | D:5      | Noticed a centaur
  2785 | D:5      | Noticed a hungry ghost
  2807 | D:5      | Noticed an ogre
  2808 | D:5      | Slain by a centaur

Skill      XL: |  1  2  3  4  5 |
---------------+----------------+-----
Maces & Flails | 3 4 |  4.3
Shields        | 4 |  4.5
Dodging        | 1 |  1.3
Armour         | 4 |  4.1
Stealth        | 1 |  1.2
Fighting       | |  3.7

Action                   |  1- 3 |  4- 6 || total
-------------------------+-------+-------++-------
Melee: Flail             |   126 |   134 ||   260
  Use: Scroll            |     7 |     5 ||    12
  Eat: Chunk             |     3 |     1 ||     4
Armor: Scale mail        |    95 |   141 ||   236
Dodge: Dodged            |    34 |    47 ||    81
Block: Medium shield     |    84 |   115 ||   199
